 Dungeon Crawl Stone Soup version 0.20-a0-940-g1ecfa5a (webtiles) character file.

2990 Njoerkh the Martial Artist (level 9, -8/36 HPs)
             Began as a Vine Stalker Transmuter on Mar 31, 2017.
             Was a Believer of Makhleb.
             Killed by divine providence
             ... invoked by an orc priest
              (12 damage)
             ... on level 6 of the Dungeon.
             The game lasted 01:35:17 (6287 turns).

Njoerkh the Martial Artist (VSTm)                   Turns: 6287, Time: 01:35:18

Health: -8/36      AC:  5    Str: 15    XL:     9   Next: 83%
Magic:  0/14       EV: 20    Int: 18    God:    Makhleb [**....]
Gold:   188        SH:  0    Dex: 20    Spells: 8/14 levels left

rFire    . . .     SeeInvis .     - Unarmed
rCold    . . .     Gourm    .   (shield currently unavailable)
rNeg     . . .     Faith    .   (armour currently unavailable)
rPois    x         Spirit   +   (helmet currently unavailable)
rElec    .         Reflect  .   (cloak currently unavailable)
rCorr    .         Harm     .   (gloves currently unavailable)
MR       +....                  (boots currently unavailable)
Stlth    ++........             (no amulet)
Regen    0.6/turn               j - +3 ring of protection
MPRegen  0.2/turn               (no ring)

@: lethally poisoned (-8 -> -8), spider-form (expiring)
A: (fangs 0), clever 1, frail 1, regeneration 1, (shaggy fur 0), strong 1, magic
shield, (antimagic bite), no potion heal 3, rot immunity
a: End Transformation, Minor Destruction, Renounce Religion


You were on level 6 of the Dungeon.
You worshipped Makhleb.
Makhleb was pleased with you.
You were hungry.
You were a venomous arachnid creature.
You visited 2 branches of the dungeon, and saw 9 of its levels.

You collected 227 gold pieces.
You spent 39 gold pieces at shops.

Inventory:

Hand Weapons
 e - a +0 dagger
 p - a -1 blowgun
Missiles
 a - 51 arrows
 h - 130 stones (quivered)
 q - 3 poisoned needles
Armour
 b - a +1 robe (melded)
 k - a +0 pair of gloves (melded)
 m - a cursed +0 helmet (melded)
 r - a +0 pair of boots
 t - a +0 buckler
Jewellery
 j - a +3 ring of protection (left front leg)
Wands
 w - a wand of confusion (29/48)
Scrolls
 f - 5 scrolls of identify
 g - 2 scrolls of recharging
 i - 2 scrolls of teleportation
 u - a scroll of magic mapping
 y - a scroll of remove curse
Potions
 l - 3 potions of curing
 n - a potion of lignification
 x - a potion of mutation
 z - a potion of flight
Books
 c - a book of Changes

   Spells                             Type                      Level
   a - Beastly Appendage              Transmutation                1
   b - Sticks to Snakes               Transmutation                2
   c - Spider Form                    Transmutation/Poison         3
   d - Ice Form                       Ice/Transmutation            4
   e - Blade Hands                    Transmutation                5
 s - a book of Minor Magic

   Spells                             Type                      Level
   a - Magic Dart                     Conjuration                  1
   b - Blink                          Translocation                2
   c - Call Imp                       Summoning                    2
   d - Slow                           Hexes                        2
   e - Conjure Flame                  Conjuration/Fire             3
   f - Mephitic Cloud                 Conjuration/Poison/Air       3
Comestibles
 d - 3 bread rations
 o - 2 meat rations
 v - a royal jelly


   Skills:
 - Level 1.1 Fighting
 - Level 2.3 Dodging
 - Level 10.0 Unarmed Combat
 - Level 3.0 Spellcasting
 + Level 8.4 Transmutations
 - Level 3.1 Poison Magic


You had 8 spell levels left.
You knew the following spells:

 Your Spells              Type           Power        Failure   Level  Hunger
a - Beastly Appendage     Tmut           ####..       3%          1    None
b - Sticks to Snakes      Tmut           ####....     4%          2    ##.....
c - Spider Form           Tmut/Pois      ###.......   14%         3    ###....


Dungeon Overview and Level Annotations

Branches:
Dungeon (8/15)             Temple (1/1) D:4
   Lair: D:8-11

Altars:
Ashenzari
Cheibriados
Dithmenos
Elyvilon
Fedhas
Gozag
Hepliaklqana
Kikubaaqudgha
Makhleb
Nemelex Xobeh
Okawaru
Qazlal
Ru
Sif Muna
Trog
Uskayaw
Vehumet
Wu Jian
Xom
Yredelemnul
Zin
The Shining One

Shops:
D:8 !

Annotations:
D:6 lolicon's ghost, novice OpAs


Innate Abilities, Weirdness & Mutations

((You have razor-sharp teeth.))
Your natural rate of healing is unusually fast.
When hurt, damage is shared between your health and your magic reserves.
((Your bite disrupts and absorbs the magic of your enemies.))
Potions cannot restore your health.
You are immune to rotting.
Your mind is acute. (Int +2)
You are frail. (-10% HP)
((You are covered in fur. (AC +1)))
Your muscles are strong. (Str +2)


Message History

The orc warrior is moderately wounded.
You feel sick.
You hit the orc warrior but do no damage.
The orc warrior looks as sick as possible!
The orc warrior is moderately wounded.
The orc warrior completely misses you.
You feel sick.
Your transformation is almost over.
You kill the orc warrior!
Makhleb accepts your kill.
The orc priest calls down the wrath of Beogh upon you.
Pain shoots through your body!
You hit the orc priest but do no damage.
The orc priest is poisoned.
You feel sick.
The orc priest mumbles some strange prayers to Beogh against you.
Pain shoots through your body!
* * * LOW HITPOINT WARNING * * *
The orc priest calls down the wrath of Beogh upon you.
Beogh smites you!
You die...

###)##...........#.......
#.##..............#####
#.).........<.......#
####..........#.#.#.###
###.####.....#.#...# ...#
#.# #.#._.#.###.# ...
#.####.#.......#.# ..#
#.#....#...#.#.#.# ..#
#s#.####.#.#...#.# ..#
...#.#.#....#.#####.# ..#
...#o#.#.####.......# ..#
.. ..#o#.#......#######
########.. .o#.#.#.####.#
........# #.#.#.######.#
........# #o#.#........#
........######.#.##########
...............).#


You could see an orc priest and an orc.

Vanquished Creatures
  The ghost of lolicon the Covert, a novice OpAs (D:7)
  A hippogriff (D:7)
  An ice beast (D:5)
  3 orc warriors
  2 sky beasts
  8 ogres
  A centaur (D:3)
  A bullfrog (D:4)
  A scorpion (D:5)
  4 wights (D:5)
  A bullfrog skeleton (D:4)
  4 orc priests
  A jelly (D:5)
  2 orc wizards
  A centaur skeleton (D:7)
  Natasha (twice) (D:2)
  An iguana (D:4)
  3 worker ants
  2 howler monkey skeletons
  8 adders
  An adder skeleton (D:5)
  2 worms
  3 dart slugs
  2 leopard geckos (D:1)
  16 orcs
  10 bats
  3 giant cockroaches
  8 goblins
  7 hobgoblins
  9 jackals
  4 quokkas
  A ball python (D:1)
  3 frilled lizards
  6 kobolds
  2 quokka skeletons
  12 rats
137 creatures vanquished.

Vanquished Creatures (collateral kills)
  The ghost of Rrauwl the Skirmisher, an amateur BaFi (D:4)
  An iguana (D:4)
  A worm (D:3)
  2 hobgoblins (D:3)
5 creatures vanquished.

Grand Total: 142 creatures vanquished

Notes
Turn   | Place    | Note
-------+----------+-------------------------------------------
     0 | D:1      | Njoerkh the Vine Stalker Transmuter began the quest for the Orb.
     0 | D:1      | Reached XP level 1. HP: 9/9 MP: 4/4
    14 | D:1      | Reached skill level 1 in Fighting
   224 | D:1      | Reached XP level 2. HP: 7/14 MP: 6/6
  1054 | D:1      | Reached XP level 3. HP: 14/18 MP: 5/7
  1455 | D:2      | Learned a level 2 spell: Sticks to Snakes
  1913 | D:2      | Gained mutation: Your natural rate of healing is unusually fast. [Vine Stalker growth]
  1913 | D:2      | Reached XP level 4. HP: 13/22 MP: 5/8
  1915 | D:2      | Noticed Natasha
  1933 | D:2      | HP: 1/22 [Natasha/magic dart (4)]
  1934 | D:2      | Killed Natasha
  1949 | D:2      | Noticed Natasha
  1960 | D:2      | HP: 1/22 [Natasha/magic dart (3)]
  2163 | D:2      | Learned a level 3 spell: Spider Form
  2233 | D:2      | Killed Natasha
  2336 | D:3      | Reached skill level 4 in Unarmed Combat
  2338 | D:3      | Reached XP level 5. HP: 24/25 MP: 9/9
  2407 | D:3      | Found an ancient bone altar of Kikubaaqudgha.
  2431 | D:3      | Found an ornate altar of the Wu Jian Council.
  2432 | D:3      | Found a sparkling altar of Nemelex Xobeh.
  2432 | D:3      | Found a radiant altar of Vehumet.
  2468 | D:3      | Found a basalt altar of Yredelemnul.
  2468 | D:3      | Found a sacrificial altar of Ru.
  2469 | D:3      | Found a shadowy altar of Dithmenos.
  2570 | D:3      | Noticed a centaur
  2653 | D:3      | Killed a centaur
  2653 | D:3      | Reached skill level 1 in Poison Magic
  2772 | D:4      | Reached XP level 6. HP: 28/30 MP: 10/10
  3077 | D:4      | Noticed Rrauwl's ghost (amateur BaFi)
  3260 | D:4      | Killed Rrauwl's ghost
  3260 | D:4      | Reached skill level 5 in Transmutations
  3260 | D:4      | Reached XP level 7. HP: 5/33 MP: 0/11
  3392 | D:4      | Gained mutation: You are covered in fur. (AC +1) [potion of mutation]
  3392 | D:4      | Gained mutation: You are frail. (-10% HP) [potion of mutation]
  3392 | D:4      | Gained mutation: Your muscles are strong. (Str +2) [potion of mutation]
  3392 | D:4      | Gained mutation: Your mind is acute. (Int +2) [potion of mutation]
  3408 | D:5      | Entered Level 5 of the Dungeon
  3443 | D:4      | Found a staircase to the Ecumenical Temple.
  3451 | Temple   | Entered the Ecumenical Temple
  3456 | Temple   | Became a worshipper of Makhleb the Destroyer
  3737 | D:4      | Reached skill level 5 in Unarmed Combat
  4007 | D:4      | Reached skill level 6 in Unarmed Combat
  4047 | D:4      | Gained mutation: You have razor-sharp teeth. [Vine Stalker growth]
  4047 | D:4      | Reached XP level 8. HP: 33/33 MP: 6/13
  4131 | D:4      | Reached * piety under Makhleb
  4280 | D:4      | Reached skill level 7 in Unarmed Combat
  4504 | D:5      | Reached skill level 8 in Unarmed Combat
  4650 | D:5      | Reached skill level 9 in Unarmed Combat
  4712 | D:6      | Found a shimmering altar of Xom.
  5025 | D:5      | Reached XP level 9. HP: 36/36 MP: 10/14
  5231 | D:5      | Found a glowing golden altar of the Shining One.
  5231 | D:5      | Found a glowing silver altar of Zin.
  5231 | D:5      | Found a white marble altar of Elyvilon.
  5498 | D:7      | Reached skill level 10 in Unarmed Combat
  5579 | D:7      | Reached ** piety under Makhleb
  5580 | D:7      | Noticed lolicon's ghost (novice OpAs)
  5609 | D:7      | Killed lolicon's ghost
  5708 | D:8      | Found Faiqudou's Distillery.
  5711 | D:8      | Bought a potion of flight for 39 gold pieces
  5741 | D:7      | Found a sparkling altar of Nemelex Xobeh.
  6226 | D:6      | Noticed lolicon's ghost (novice OpAs)
  6287 | D:6      | Killed from afar by an orc priest

Vault maps used:
D:1:      dpeg_arrival_ternary, serial_glass, glass_columns_a, glass_columns_a
D:2:      first_bread, uniq_natasha
D:3:      grunt_temple_overflow_open, lemuel_round_altar
D:4:      minmay_temple_entry_large_hall
D:5:      good_gods_mini_temple
D:6:      brannock_xom_greatest_gift, basic_altar
D:7:      basic_altar, grunt_ogre_cave
D:8:      serial_shops, nicolae_shop_trees, water_maze_lemuel
Temple:   minmay_freezing_vapour_temple

Skill      XL: |  1  2  3  4  5  6  7  8  9 |
---------------+----------------------------+-----
Fighting       | 1 |  1.1
Dodging        | 2 |  2.3
Transmutations | 3 4 5 8 |  8.4
Unarmed Combat | 4 6 9 10 | 10.0
Poison Magic   | 2 3 |  3.1
Spellcasting   | 3 |  3.0

Action                   |  1- 3 |  4- 6 |  7- 9 || total
-------------------------+-------+-------+-------++-------
Melee: Unarmed           |   145 |   103 |   267 ||   515
       Bite              |    25 |    24 |    21 ||    70
       Kick              |     6 |     8 |     2 ||    16
       Punch             |     3 |     1 |     4 ||     8
       Headbutt          |     2 |     5 |     9 ||    16
       Blowgun           |       |    11 |       ||    11
Throw: Stone             |     9 |     8 |    42 ||    59
 Cast: Beastly Appendage |    24 |    14 |    18 ||    56
       Sticks to Snakes  |       |     7 |     6 ||    13
       Spider Form       |       |     4 |    23 ||    27
 Abil: End Transformatio |       |     1 |     2 ||     3
  Use: Scroll            |       |     7 |     6 ||    13
       Potion            |       |       |     8 ||     8
 Stab: Sleeping          |     5 |     1 |     1 ||     7
       Distracted        |       |     1 |       ||     1
  Eat: Chunk             |     4 |     5 |     8 ||    17
       Bread ration      |       |       |     1 ||     1
Armor: Robe              |    20 |    23 |    19 ||    62
       Skin              |       |     5 |    11 ||    16
Dodge: Dodged            |    84 |    85 |   161 ||   330
